Jets vs Devils (R2)

Created - March 13, 2019 at 19:10

Goals
1 2 3 T
Jets 0 4 2 6
Devils 2 1 1 4
Shots
1 2 3 T
Jets 10 13 17 40
Devils 14 4 7 25

1st period

1. Devils , Tyler Cuma 4 (Viktor Arvidsson 20, Anze Kopitar 48) at 12:27 (PP)
2. Devils , Anze Kopitar 29 (Viktor Arvidsson 21, Tyler Cuma 22) at 18:33 (PP)

Penalties :
Derek Stepan (Win) for Tripping (Minor) at 3:08, Anze Kopitar (NJD) for Holding (Minor) at 9:47, Matt Cooke (Win) for Boarding (Minor) at 12:12, Nino Niederreiter (Win) for Tripping (Minor) at 18:24

2nd period

3. Devils , Artemi Panarin 18 (Anze Kopitar 49, Viktor Arvidsson 22) at 2:29 (PP)
4. Jets , Oscar Klefbom 1 (Corey Perry 24, Benoit Pouliot 34) at 3:10 (PP)
5. Jets , Derek Stepan 22 (Erik Haula 17) at 3:26
6. Jets , Mike Richards 27 (Derek Roy 19, Marco Scandella 24) at 4:11 (PP)
7. Jets , Corey Perry 25 (Benoit Pouliot 35, Derek Stepan 45) at 16:19 (PP)

Penalties :
Matt Cooke (Win) for Slashing (Minor) at 2:12, Dmitry Kulikov (NJD) for Hooking (Minor) at 2:42, Kevin Shattenkirk (NJD) for Roughing (Minor) at 3:37, Artemi Panarin (NJD) for Slashing (Minor) at 5:05, Erik Haula (Win) for Hooking (Minor) at 9:06, Derek Stepan (Win) for Holding Stick (Minor) at 13:35, Alexander Perezhogin (NJD) for Delaying the game (Minor) at 16:15

3rd period

8. Jets , Erik Haula 12 (Corey Perry 25, Derek Stepan 46) at 11:26
9. Jets , Derek Stepan 23 (Corey Perry 26, Tyler Myers 17) at 15:49
10. Devils , Anze Kopitar 30 (Viktor Arvidsson 23) at 16:58 (PP)

Penalties :
Dmitry Kulikov (NJD) for Holding Stick (Minor) at 2:06, Tyler Cuma (NJD) for Tripping (Minor) at 11:53, Jacob Trouba (Win) for Boarding (Minor) at 16:55

Goalie Stats

Kari Lehtonen (Win), 21 saves from 25 shots - (0.840), W, 14-12-1, 60:00 minutes
Ryan Miller (NJD), 34 saves from 40 shots - (0.850), L, 21-24-4, 60:00 minutes

Players Stats for Jets

Player Name              G  A  P  +/- PIM S  H  SB GA TA FO     MP     PP MP  PK MP  
------------------------------------------------------------------------------------
Benoit Pouliot           0  2  2   0  0   2  1  0  1  0  1/2    19:21   5:12   1:37 
Corey Perry              1  3  4   3  0   2  4  0  1  0  2/2    20:11   5:12   1:48 
Derek Roy                0  1  1   0  0   6  2  0  1  0  4/9    15:34   3:50   2:22 
Derek Stepan             2  2  4   3  4   6  3  1  0  1  12/27  19:58   5:12   0:00 
Eric Gelinas             0  0  0   0  0   1  1  3  0  0  0/0    22:44   3:03   3:58 
Erik Haula               1  1  2   3  2   3  0  1  1  0  4/9    16:49   0:00   2:30 
Jacob Trouba             0  0  0   0  2   1  3  4  0  0  0/0    16:45   0:00   2:43 
Jared Spurgeon           0  0  0   0  0   0  0  2  0  0  0/0    10:10   0:00   0:00 
Joe Colborne             0  0  0   0  0   1  1  0  1  0  1/2     7:36   0:00   0:00 
Kevin Hayes              0  0  0   0  0   0  0  0  0  0  0/0     7:36   0:00   0:00 
Lee Stempniak            0  0  0   0  0   0  2  1  0  0  0/1     9:37   0:00   0:00 
Marco Scandella          0  1  1   3  0   5  4  0  0  1  0/0    29:47   5:59   3:58 
Matt Cooke               0  0  0   0  4   0  0  2  1  0  0/0     9:26   0:00   0:00 
Mike Richards            1  0  1   0  0   8  2  0  0  0  9/18   18:02   3:50   1:33 
Nino Niederreiter        0  0  0   0  2   2  1  0  0  0  1/1    21:16   3:50   3:24 
Oscar Klefbom            1  0  1   0  0   2  1  1  0  1  0/0    16:39   5:59   0:00 
Ronalds Kenins           0  0  0   0  0   0  1  0  0  0  0/0     7:47   0:00   0:08 
Tyler Myers              0  1  1   3  0   1  1  1  0  0  0/0    23:54   3:03   2:43 

Players Stats for Devils

Player Name              G  A  P  +/- PIM S  H  SB GA TA FO     MP     PP MP  PK MP  
------------------------------------------------------------------------------------
Alexander Perezhogin     0  0  0   0  2   0  1  0  0  0  0/0     7:45   0:02   0:00 
Anthony Stewart          0  0  0   0  0   0  0  0  0  0  0/0    11:30   0:00   1:32 
Anton Volchenkov         0  0  0  -1  0   1  0  3  0  0  0/0    14:10   0:00   3:47 
Anze Kopitar             2  2  4  -3  2   4  4  1  0  1  21/36  21:21   3:40   1:56 
Artemi Panarin           1  0  1   0  2   2  2  0  0  0  1/2    15:44   3:55   0:17 
Brandon Bollig           0  0  0   0  0   2  3  1  1  0  0/0     7:35   0:00   0:00 
Brayden Schenn           0  0  0   0  0   0  2  0  0  0  8/21   19:27   2:44   5:25 
Dmitry Kulikov           0  0  0  -1  4   0  0  2  0  2  0/0    15:37   0:00   4:36 
Jaden Schwartz           0  0  0  -3  0   2  2  2  0  0  1/1    18:24   2:44   0:13 
Jordan Eberle            0  0  0  -3  0   3  1  0  1  0  1/1    24:04   2:44   5:30 
Kellan Lain              0  0  0   0  0   2  1  0  0  0  0/1    12:00   0:00   2:47 
Kevin Shattenkirk        0  0  0  -1  2   0  2  0  0  2  0/0    19:14   2:19   0:39 
Luke Schenn              0  0  0  -1  0   2  1  0  0  0  0/0    24:36   4:22   1:59 
Scott Gomez              0  0  0   0  0   1  2  0  0  0  2/2    10:10   0:19   0:24 
Travis Hamonic           0  0  0  -1  0   1  0  4  0  0  0/0    23:27   2:19   6:24 
Tyler Bozak              0  0  0   0  0   1  1  0  0  0  1/4     7:35   0:00   0:00 
Tyler Cuma               1  1  2  -1  2   2  2  1  1  1  0/0    23:23   4:22   0:39 
Viktor Arvidsson         0  4  4   0  0   2  3  0  0  0  2/3    14:49   3:55   0:00 

3 Stars

1 - Corey Perry (Win)
2 - Derek Stepan (Win)
3 - Anze Kopitar (NJD)

Power Play

Jets - 3 on 7 Attempt(s) - 42.86%
Devils - 4 on 7 Attempt(s) - 57.14%

Penalty Kill

Jets - 3 on 7 Attempt(s) - 42.86% - Score 0 goal in Penalty Kill
Devils - 4 on 7 Attempt(s) - 57.14% - Score 0 goal in Penalty Kill

Team Stat

Jets - Hits : 27 - Faceoff Wins : 34 - Blocked Shots : 16 - Penalty Minutes : 14
Devils - Hits : 27 - Faceoff Wins : 37 - Blocked Shots : 14 - Penalty Minutes : 14

Official

Referees : Unknown
Linesman : Unknown

Game Notes

No Game Note

Finance

Level 1 -- Attendance: 6000 (100.00%) -- Ticket Income $540,000
Level 2 -- Attendance: 5000 (100.00%) -- Ticket Income $275,000
Level 3 -- Attendance: 1959 (97.95%) -- Ticket Income $70,524
Level 4 -- Attendance: 3583 (89.58%) -- Ticket Income $89,575
Luxury Box -- Attendance: 983 (98.30%) -- Ticket Income $152,365
Game was played at the The prudential Center.
Total Attendance: 17525 (97.36%)
Total Ticket Income: $1,127,464
Other Income: $169,120
Total Income: $1,296,584

Jets

5 vs 5 Forward 
   Center                   Left Wing                Right Wing               Time % Phy DF OF 
 1 Derek Stepan             Erik Haula               Corey Perry              37     1   2  2  
 2 Mike Richards            Benoit Pouliot           Nino Niederreiter        33     1   2  2  
 3 Derek Roy                Matt Cooke               Lee Stempniak            20     1   2  2  
 4 Joe Colborne             Ronalds Kenins           Kevin Hayes              10     1   2  2  

5 vs 5 Defense 
   Defense                  Defense                                           Time % Phy DF OF 
 1 Marco Scandella          Tyler Myers                                       38     1   2  2  
 2 Jacob Trouba             Eric Gelinas                                      30     1   2  2  
 3 Jared Spurgeon           Oscar Klefbom                                     22     1   2  2  
 4 Marco Scandella          Tyler Myers                                       10     1   2  2  

PowerPlay Forward 
   Center                   Left Wing                Right Wing               Time % Phy DF OF 
 1 Derek Stepan             Benoit Pouliot           Corey Perry              60     0   0  5  
 2 Mike Richards            Nino Niederreiter        Derek Roy                40     0   1  4  

PowerPlay Defense
   Defense                  Defense                                           Time % Phy DF OF 
 1 Marco Scandella          Oscar Klefbom                                     60     0   1  4  
 2 Eric Gelinas             Tyler Myers                                       40     0   1  4  

Penalty Kill 4 Players Forward 
   Center                   Wing                     Time % Phy DF OF 
 1 Erik Haula               Nino Niederreiter        60     0   4  1  
 2 Derek Roy                Mike Richards            40     0   4  1  

Penalty Kill 4 Players Defense
   Defense                  Defense                  Time % Phy DF OF 
 1 Marco Scandella          Eric Gelinas             60     1   4  0  
 2 Tyler Myers              Jacob Trouba             40     1   4  0  

Penalty Kill - 3 Players Forward 
   Forward                                           Time % Phy DF OF 
 1 Erik Haula                                        60     0   4  1  
 2 Nino Niederreiter                                 40     0   4  1  

Penalty Kill - 3 Players Defense
   Defense                  Defense                  Time % Phy DF OF 
 1 Marco Scandella          Eric Gelinas             60     1   4  0  
 2 Jacob Trouba             Tyler Myers              40     0   5  0  

4 vs 4 Forward 
   Center                   Wing                     Time % Phy DF OF 
 1 Derek Stepan             Corey Perry              60     1   2  2  
 2 Mike Richards            Benoit Pouliot           40     1   2  2  

4 vs 4 Defense
   Defense                  Defense                  Time % Phy DF OF 
 1 Tyler Myers              Marco Scandella          60     1   2  2  
 2 Oscar Klefbom            Eric Gelinas             40     1   2  2  

Last Minutes Offensive
   Center                   Left Wing                Right Wing               Defense                  Defense                  
   Derek Stepan             Benoit Pouliot           Corey Perry              Tyler Myers              Marco Scandella          

Last Minutes Defensive
   Center                   Left Wing                Right Wing               Defense                  Defense                  
   Derek Roy                Erik Haula               Nino Niederreiter        Marco Scandella          Tyler Myers              

Goaltenders
Starting : Kari Lehtonen            
Backup : Jonathan Bernier         

Extra Forwards
Normal : Benoit Pouliot, Derek Stepan, Corey Perry - PP : Benoit Pouliot, Derek Stepan - PK : Corey Perry
Extra Defensemen
Normal : Tyler Myers, Marco Scandella, Eric Gelinas - PP : Marco Scandella - PK : Marco Scandella, Eric Gelinas
Penalty Shots
Benoit Pouliot, Mike Richards, Corey Perry, Derek Stepan, Erik Haula

Scratches
Marcus Johansson (Right Knee Injury)

Devils

5 vs 5 Forward 
   Center                   Left Wing                Right Wing               Time % Phy DF OF 
 1 Anze Kopitar             Jaden Schwartz           Jordan Eberle            40     1   2  2  
 2 Brayden Schenn           Artemi Panarin           Viktor Arvidsson         30     1   2  2  
 3 Scott Gomez              Kellan Lain              Anthony Stewart          20     1   2  2  
 4 Tyler Bozak              Brandon Bollig           Alexander Perezhogin     10     1   2  2  

5 vs 5 Defense 
   Defense                  Defense                                           Time % Phy DF OF 
 1 Tyler Cuma               Luke Schenn                                       40     1   2  2  
 2 Kevin Shattenkirk        Travis Hamonic                                    30     1   2  2  
 3 Anton Volchenkov         Dmitry Kulikov                                    20     1   2  2  
 4 Dmitry Kulikov           Kevin Shattenkirk                                 10     1   2  2  

PowerPlay Forward 
   Center                   Left Wing                Right Wing               Time % Phy DF OF 
 1 Anze Kopitar             Artemi Panarin           Viktor Arvidsson         60     1   2  2  
 2 Brayden Schenn           Jaden Schwartz           Jordan Eberle            40     1   2  2  

PowerPlay Defense
   Defense                  Defense                                           Time % Phy DF OF 
 1 Tyler Cuma               Luke Schenn                                       60     1   2  2  
 2 Travis Hamonic           Kevin Shattenkirk                                 40     1   2  2  

Penalty Kill 4 Players Forward 
   Center                   Wing                     Time % Phy DF OF 
 1 Brayden Schenn           Jordan Eberle            60     1   2  2  
 2 Anze Kopitar             Kellan Lain              40     1   2  2  

Penalty Kill 4 Players Defense
   Defense                  Defense                  Time % Phy DF OF 
 1 Dmitry Kulikov           Travis Hamonic           60     1   2  2  
 2 Anton Volchenkov         Luke Schenn              40     1   2  2  

Penalty Kill - 3 Players Forward 
   Forward                                           Time % Phy DF OF 
 1 Brayden Schenn                                    60     1   2  2  
 2 Anze Kopitar                                      40     1   2  2  

Penalty Kill - 3 Players Defense
   Defense                  Defense                  Time % Phy DF OF 
 1 Anton Volchenkov         Travis Hamonic           60     1   2  2  
 2 Dmitry Kulikov           Luke Schenn              40     1   2  2  

4 vs 4 Forward 
   Center                   Wing                     Time % Phy DF OF 
 1 Anze Kopitar             Jordan Eberle            60     1   2  2  
 2 Brayden Schenn           Artemi Panarin           40     1   2  2  

4 vs 4 Defense
   Defense                  Defense                  Time % Phy DF OF 
 1 Kevin Shattenkirk        Travis Hamonic           60     1   2  2  
 2 Tyler Cuma               Dmitry Kulikov           40     1   2  2  

Last Minutes Offensive
   Center                   Left Wing                Right Wing               Defense                  Defense                  
   Anze Kopitar             Artemi Panarin           Jordan Eberle            Luke Schenn              Kevin Shattenkirk        

Last Minutes Defensive
   Center                   Left Wing                Right Wing               Defense                  Defense                  
   Brayden Schenn           Jaden Schwartz           Jordan Eberle            Kevin Shattenkirk        Travis Hamonic           

Goaltenders
Starting : Ryan Miller              
Backup : Keith Kinkaid            

Extra Forwards
Normal : Scott Gomez, Jaden Schwartz, Anthony Stewart - PP : Scott Gomez, Artemi Panarin - PK : Anthony Stewart
Extra Defensemen
Normal : Luke Schenn, Anton Volchenkov, Tyler Cuma - PP : Luke Schenn - PK : Anton Volchenkov, Tyler Cuma
Penalty Shots
Anze Kopitar, Artemi Panarin, Viktor Arvidsson, Jordan Eberle, Jaden Schwartz

Scratches
None


% Time on Ice - Jets

Lines # - Real PCT - Wanted PCT - Time Play
Normal Forward
1 - 32% - 37% - 14:19
2 - 29% - 33% - 12:54
3 - 21% - 20% - 9:28
4 - 17% - 10% - 7:36
Normal Defense
1 - 41% - 38% - 18:14
2 - 32% - 30% - 14:17
3 - 22% - 22% - 9:50
4 - 4% - 10% - 1:56
PP Forward
1 - 58% - 60% - 5:12
2 - 42% - 40% - 3:50
PP Defense
1 - 66% - 60% - 5:59
2 - 34% - 40% - 3:03
PK Forward
1 - 79% - 60% - 5:18
2 - 21% - 40% - 1:23
PK Defense
1 - 59% - 60% - 3:58
2 - 41% - 40% - 2:43
PK3 Forward
1 - 0% - 60%
2 - 0% - 40%
PK3 Defense
1 - 0% - 60%
2 - 0% - 40%
44 Forward
1 - 0% - 60%
2 - 0% - 40%
44 Defense
1 - 0% - 60%
2 - 0% - 40%
Last Minute Offensive  - 0:00
Last Minute Defensive  - 0:00
Total
Forward - 60:00
Defense - 60:00

% Time on Ice - Devils

Lines # - Real PCT - Wanted PCT - Time Play
Normal Forward
1 - 37% - 40% - 16:33
2 - 25% - 30% - 10:56
3 - 21% - 20% - 9:13
4 - 17% - 10% - 7:35
Normal Defense
1 - 44% - 40% - 19:38
2 - 32% - 30% - 14:16
3 - 19% - 20% - 8:21
4 - 5% - 10% - 2:02
PP Forward
1 - 59% - 60% - 3:57
2 - 41% - 40% - 2:44
PP Defense
1 - 65% - 60% - 4:22
2 - 35% - 40% - 2:19
PK Forward
1 - 72% - 60% - 6:29
2 - 28% - 40% - 2:33
PK Defense
1 - 78% - 60% - 7:03
2 - 22% - 40% - 1:59
PK3 Forward
1 - 0% - 60%
2 - 0% - 40%
PK3 Defense
1 - 0% - 60%
2 - 0% - 40%
44 Forward
1 - 0% - 60%
2 - 0% - 40%
44 Defense
1 - 0% - 60%
2 - 0% - 40%
Last Minute Offensive  - 0:00
Last Minute Defensive  - 0:00
Total
Forward - 60:00
Defense - 60:00

Play-by-Play

1st period


0:01 of 1st period - Anze Kopitar wins face-off versus Derek Stepan in neutral zone.
0:04 of 1st period - Erik Haula is hit by Tyler Cuma and loses puck.
0:32 of 1st period - Luke Schenn is hit by Nino Niederreiter and loses puck.
0:51 of 1st period - Wrist shot by Derek Roy.
0:51 of 1st period - Stopped by Ryan Miller without a rebound.
0:52 of 1st period - Tyler Bozak wins face-off versus Derek Roy in Devils zone.
1:39 of 1st period - Off-side.
1:40 of 1st period - Derek Stepan wins face-off versus Brayden Schenn in neutral zone.
2:29 of 1st period - Backhand shot by Jordan Eberle.
2:29 of 1st period - Stopped by Kari Lehtonen without a rebound.
2:30 of 1st period - Jaden Schwartz wins face-off versus Derek Stepan in Jets zone.
2:55 of 1st period - Snap shot by Anze Kopitar.
2:55 of 1st period - Shot Misses the Net.
2:57 of 1st period - Snap shot by Anze Kopitar.
2:57 of 1st period - Stopped by Kari Lehtonen with a rebound.
2:59 of 1st period - Backhand shot by Anton Volchenkov.
2:59 of 1st period - Stopped by Kari Lehtonen with a rebound.
3:08 of 1st period - Minor Penalty to Derek Stepan for Tripping.
3:09 of 1st period - Erik Haula wins face-off versus Anze Kopitar in Jets zone.
3:46 of 1st period - Tyler Myers is hit by Jordan Eberle.
5:08 of 1st period - Penalty to Derek Stepan is over, Derek Stepan is back on ice.
5:41 of 1st period - Snap shot by Derek Stepan.
5:41 of 1st period - Stopped by Ryan Miller with a rebound.
6:01 of 1st period - Wrist shot by Derek Stepan.
6:01 of 1st period - Shot Blocked by Travis Hamonic.
6:09 of 1st period - Snap shot by Erik Haula.
6:09 of 1st period - Shot Blocked by Travis Hamonic.
6:11 of 1st period - Slapshot by Erik Haula.
6:11 of 1st period - Deflect By Kevin Shattenkirk.
6:11 of 1st period - Shot Blocked by Travis Hamonic.
6:11 of 1st period - Puck is out of play.
6:12 of 1st period - Anze Kopitar wins face-off versus Derek Roy in Devils zone.
6:35 of 1st period - Artemi Panarin is hit by Ronalds Kenins.
6:39 of 1st period - Oscar Klefbom is hit by Artemi Panarin and loses puck.
7:02 of 1st period - Slapshot by Kellan Lain.
7:02 of 1st period - Stopped by Kari Lehtonen without a rebound.
7:03 of 1st period - Anze Kopitar wins face-off versus Joe Colborne in Jets zone.
7:08 of 1st period - Snap shot by Anze Kopitar.
7:08 of 1st period - Shot Misses the Net.
7:30 of 1st period - Artemi Panarin is hit by Lee Stempniak and loses puck.
8:02 of 1st period - Wrist shot by Tyler Bozak.
8:02 of 1st period - Shot Blocked by Erik Haula.
8:25 of 1st period - Snap shot by Scott Gomez.
8:25 of 1st period - Shot Misses the Net.
8:27 of 1st period - Slapshot by Dmitry Kulikov.
8:27 of 1st period - Shot Blocked by Derek Stepan.
8:29 of 1st period - Slapshot by Dmitry Kulikov.
8:29 of 1st period - Deflect By Scott Gomez.
8:29 of 1st period - Stopped by Kari Lehtonen without a rebound.
8:30 of 1st period - Derek Roy wins face-off versus Anze Kopitar in Jets zone.
8:30 of 1st period - Derek Roy is hit by Anze Kopitar.
8:42 of 1st period - Wrist shot by Jaden Schwartz.
8:42 of 1st period - Stopped by Kari Lehtonen with a rebound.
9:02 of 1st period - Snap shot by Benoit Pouliot.
9:02 of 1st period - Deflect By Nino Niederreiter.
9:02 of 1st period - Stopped by Ryan Miller with a rebound.
9:04 of 1st period - Snap shot by Mike Richards.
9:04 of 1st period - Stopped by Ryan Miller without a rebound.
9:05 of 1st period - Mike Richards wins face-off versus Anze Kopitar in Devils zone.
9:18 of 1st period - Slapshot by Mike Richards.
9:18 of 1st period - Shot Misses the Net.
9:20 of 1st period - Slapshot by Marco Scandella.
9:20 of 1st period - Deflect By Anze Kopitar.
9:20 of 1st period - Stopped by Ryan Miller without a rebound.
9:21 of 1st period - Viktor Arvidsson wins face-off versus Derek Stepan in Devils zone.
9:47 of 1st period - Minor Penalty to Anze Kopitar for Holding.
9:48 of 1st period - Derek Stepan wins face-off versus Brayden Schenn in Devils zone.
11:16 of 1st period - Benoit Pouliot is hit by Kellan Lain and loses puck.
11:40 of 1st period - Icing by Nino Niederreiter.
11:41 of 1st period - Scott Gomez wins face-off versus Mike Richards in Jets zone.
11:47 of 1st period - Penalty to Anze Kopitar is over, Anze Kopitar is back on ice.
12:12 of 1st period - Minor Penalty to Matt Cooke for Boarding.
12:13 of 1st period - Anze Kopitar wins face-off versus Erik Haula in Jets zone.
12:13 of 1st period - Wrist shot by Viktor Arvidsson.
12:13 of 1st period - Stopped by Kari Lehtonen without a rebound.
12:14 of 1st period - Viktor Arvidsson wins face-off versus Erik Haula in Jets zone.
12:23 of 1st period - Slapshot by Viktor Arvidsson.
12:23 of 1st period - Shot Misses the Net.
12:25 of 1st period - Slapshot by Tyler Cuma.
12:25 of 1st period - Shot Blocked by Tyler Myers.
12:27 of 1st period - Slapshot by Tyler Cuma.
12:27 of 1st period - Goal by Tyler Cuma - Jets : 0 - Devils : 1.
12:28 of 1st period - Benoit Pouliot wins face-off versus Anze Kopitar in neutral zone.
12:31 of 1st period - Slapshot by Eric Gelinas.
12:31 of 1st period - Stopped by Ryan Miller without a rebound.
12:32 of 1st period - Anze Kopitar wins face-off versus Mike Richards in Devils zone.
12:47 of 1st period - Wrist shot by Anze Kopitar.
12:47 of 1st period - Stopped by Kari Lehtonen without a rebound.
12:48 of 1st period - Brayden Schenn wins face-off versus Derek Stepan in Jets zone.
13:29 of 1st period - Nino Niederreiter is hit by Anze Kopitar and loses puck.
13:42 of 1st period - Icing by Tyler Myers.
13:43 of 1st period - Mike Richards wins face-off versus Brayden Schenn in Jets zone.
13:43 of 1st period - Mike Richards is hit by Viktor Arvidsson.
14:09 of 1st period - Tyler Myers is hit by Scott Gomez and loses puck.
14:35 of 1st period - Snap shot by Derek Stepan.
14:35 of 1st period - Shot Blocked by Jaden Schwartz.
14:41 of 1st period - Slapshot by Corey Perry.
14:41 of 1st period - Deflect By Derek Stepan.
14:41 of 1st period - Shot Misses the Net.
14:41 of 1st period - Puck is out of play.
14:42 of 1st period - Brayden Schenn wins face-off versus Derek Roy in Devils zone.
14:42 of 1st period - Viktor Arvidsson is hit by Derek Roy and loses puck.
15:07 of 1st period - Corey Perry is hit by Jaden Schwartz and loses puck.
15:19 of 1st period - Wrist shot by Jordan Eberle.
15:19 of 1st period - Shot Misses the Net.
15:35 of 1st period - Anton Volchenkov is hit by Joe Colborne and loses puck.
15:48 of 1st period - Wrist shot by Tyler Bozak.
15:48 of 1st period - Stopped by Kari Lehtonen with a rebound.
15:50 of 1st period - Wrist shot by Alexander Perezhogin.
15:50 of 1st period - Shot Misses the Net.
16:00 of 1st period - Tyler Bozak is hit by Jacob Trouba and loses puck.
16:21 of 1st period - Snap shot by Eric Gelinas.
16:21 of 1st period - Deflect By Joe Colborne.
16:21 of 1st period - Shot Misses the Net.
16:21 of 1st period - Puck is out of play.
16:22 of 1st period - Mike Richards wins face-off versus Artemi Panarin in Devils zone.
16:25 of 1st period - Wrist shot by Nino Niederreiter.
16:25 of 1st period - Shot Misses the Net.
16:33 of 1st period - Wrist shot by Artemi Panarin.
16:33 of 1st period - Shot Blocked by Oscar Klefbom.
17:32 of 1st period - Kellan Lain is hit by Benoit Pouliot and loses puck.
17:45 of 1st period - Snap shot by Luke Schenn.
17:45 of 1st period - Stopped by Kari Lehtonen with a rebound.
17:51 of 1st period - Brayden Schenn is hit by Tyler Myers and loses puck.
18:01 of 1st period - Off-side.
18:02 of 1st period - Derek Roy wins face-off versus Anze Kopitar in neutral zone.
18:05 of 1st period - Snap shot by Derek Roy.
18:05 of 1st period - Shot Misses the Net.
18:13 of 1st period - Snap shot by Jordan Eberle.
18:13 of 1st period - Stopped by Kari Lehtonen without a rebound.
18:14 of 1st period - Anze Kopitar wins face-off versus Mike Richards in Jets zone.
18:24 of 1st period - Minor Penalty to Nino Niederreiter for Tripping.
18:25 of 1st period - Anze Kopitar wins face-off versus Erik Haula in Jets zone.
18:25 of 1st period - Snap shot by Artemi Panarin.
18:25 of 1st period - Stopped by Kari Lehtonen with a rebound.
18:33 of 1st period - Snap shot by Anze Kopitar.
18:33 of 1st period - Goal by Anze Kopitar - Jets : 0 - Devils : 2.
18:34 of 1st period - Mike Richards wins face-off versus Brayden Schenn in neutral zone.
18:41 of 1st period - Snap shot by Benoit Pouliot.
18:41 of 1st period - Deflect By Nino Niederreiter.
18:41 of 1st period - Shot Misses the Net.
18:41 of 1st period - Puck is out of play.
18:42 of 1st period - Brayden Schenn wins face-off versus Mike Richards in Devils zone.
19:07 of 1st period - Wrist shot by Corey Perry.
19:07 of 1st period - Stopped by Ryan Miller without a rebound.
19:08 of 1st period - Anze Kopitar wins face-off versus Derek Stepan in Devils zone.
19:14 of 1st period - Off-side.
19:15 of 1st period - Anze Kopitar wins face-off versus Mike Richards in neutral zone.
19:15 of 1st period - Anze Kopitar is hit by Mike Richards.
19:21 of 1st period - Wrist shot by Mike Richards.
19:21 of 1st period - Shot Misses the Net.
19:23 of 1st period - Slapshot by Marco Scandella.
19:23 of 1st period - Stopped by Ryan Miller without a rebound.
19:24 of 1st period - Nino Niederreiter wins face-off versus Anze Kopitar in Devils zone.
19:29 of 1st period - Slapshot by Mike Richards.
19:29 of 1st period - Shot Misses the Net.
19:31 of 1st period - Wrist shot by Nino Niederreiter.
19:31 of 1st period - Stopped by Ryan Miller with a rebound.
19:33 of 1st period - Slapshot by Marco Scandella.
19:33 of 1st period - Stopped by Ryan Miller with a rebound.
19:35 of 1st period - Slapshot by Marco Scandella.
19:35 of 1st period - Shot Blocked by Anze Kopitar.
Goals for this period are 0 for Jets vs 2 for Devils.
Shots for this period are 10 for Jets vs 14 for Devils.

2nd period


0:01 of 2nd period - Derek Stepan wins face-off versus Brayden Schenn in neutral zone.
0:03 of 2nd period - Off-side.
0:04 of 2nd period - Erik Haula wins face-off versus Brayden Schenn in neutral zone.
0:33 of 2nd period - Backhand shot by Marco Scandella.
0:33 of 2nd period - Stopped by Ryan Miller with a rebound.
0:43 of 2nd period - Snap shot by Derek Roy.
0:43 of 2nd period - Stopped by Ryan Miller with a rebound.
1:21 of 2nd period - Snap shot by Scott Gomez.
1:21 of 2nd period - Shot Blocked by Jacob Trouba.
1:23 of 2nd period - Slapshot by Luke Schenn.
1:23 of 2nd period - Deflect By Scott Gomez.
1:23 of 2nd period - Shot Blocked by Jacob Trouba.
1:23 of 2nd period - Puck is out of play.
1:24 of 2nd period - Derek Stepan wins face-off versus Anze Kopitar in Jets zone.
2:12 of 2nd period - Minor Penalty to Matt Cooke for Slashing.
2:13 of 2nd period - Erik Haula wins face-off versus Anze Kopitar in Jets zone.
2:29 of 2nd period - Snap shot by Artemi Panarin.
2:29 of 2nd period - Goal by Artemi Panarin - Jets : 0 - Devils : 3.
2:30 of 2nd period - Derek Stepan wins face-off versus Brayden Schenn in neutral zone.
2:30 of 2nd period - Erik Haula is hit by Brayden Schenn and loses puck.
2:37 of 2nd period - Wrist shot by Corey Perry.
2:37 of 2nd period - Shot Blocked by Dmitry Kulikov.
2:39 of 2nd period - Snap shot by Derek Stepan.
2:39 of 2nd period - Stopped by Ryan Miller without a rebound.
2:40 of 2nd period - Anze Kopitar wins face-off versus Derek Stepan in Devils zone.
2:42 of 2nd period - Minor Penalty to Dmitry Kulikov for Hooking.
2:43 of 2nd period - Brayden Schenn wins face-off versus Benoit Pouliot in Devils zone.
2:52 of 2nd period - Off-side.
2:53 of 2nd period - Jordan Eberle wins face-off versus Derek Stepan in neutral zone.
3:02 of 2nd period - Snap shot by Benoit Pouliot.
3:02 of 2nd period - Shot Blocked by Anton Volchenkov.
3:06 of 2nd period - Snap shot by Benoit Pouliot.
3:06 of 2nd period - Stopped by Ryan Miller with a rebound.
3:08 of 2nd period - Wrist shot by Corey Perry.
3:08 of 2nd period - Shot Blocked by Anton Volchenkov.
3:10 of 2nd period - Slapshot by Oscar Klefbom.
3:10 of 2nd period - Goal by Oscar Klefbom - Jets : 1 - Devils : 3.
3:11 of 2nd period - Derek Stepan wins face-off versus Anze Kopitar in neutral zone.
3:26 of 2nd period - Wrist shot by Derek Stepan.
3:26 of 2nd period - Goal by Derek Stepan - Jets : 2 - Devils : 3.
3:27 of 2nd period - Derek Stepan wins face-off versus Brayden Schenn in neutral zone.
3:37 of 2nd period - Minor Penalty to Kevin Shattenkirk for Roughing.
3:38 of 2nd period - Brayden Schenn wins face-off versus Derek Stepan in Devils zone.
3:38 of 2nd period - Brayden Schenn is hit by Corey Perry.
4:09 of 2nd period - Snap shot by Derek Roy.
4:09 of 2nd period - Shot Blocked by Dmitry Kulikov.
4:11 of 2nd period - Snap shot by Mike Richards.
4:11 of 2nd period - Goal by Mike Richards - Jets : 3 - Devils : 3.
4:12 of 2nd period - Anze Kopitar wins face-off versus Mike Richards in neutral zone.
4:15 of 2nd period - Slapshot by Luke Schenn.
4:15 of 2nd period - Stopped by Kari Lehtonen without a rebound.
4:16 of 2nd period - Mike Richards wins face-off versus Anze Kopitar in Jets zone.
4:43 of 2nd period - Snap shot by Derek Roy.
4:43 of 2nd period - Stopped by Ryan Miller without a rebound.
4:44 of 2nd period - Artemi Panarin wins face-off versus Lee Stempniak in Devils zone.
5:05 of 2nd period - Minor Penalty to Artemi Panarin for Slashing.
5:06 of 2nd period - Derek Stepan wins face-off versus Brayden Schenn in Devils zone.
5:43 of 2nd period - Wrist shot by Kellan Lain.
5:43 of 2nd period - Stopped by Kari Lehtonen with a rebound.
5:45 of 2nd period - Snap shot by Dmitry Kulikov.
5:45 of 2nd period - Shot Misses the Net.
5:47 of 2nd period - Slapshot by Kellan Lain.
5:47 of 2nd period - Shot Misses the Net.
7:05 of 2nd period - Penalty to Artemi Panarin is over, Artemi Panarin is back on ice.
7:28 of 2nd period - Brandon Bollig is hit by Oscar Klefbom and loses puck.
7:40 of 2nd period - Kevin Hayes is hit by Brandon Bollig and loses puck.
7:49 of 2nd period - Alexander Perezhogin is hit by Eric Gelinas and loses puck.
8:03 of 2nd period - Jacob Trouba is hit by Brandon Bollig.
8:11 of 2nd period - Kevin Hayes is hit by Alexander Perezhogin and loses puck.
8:24 of 2nd period - Slapshot by Jacob Trouba.
8:24 of 2nd period - Stopped by Ryan Miller with a rebound.
8:32 of 2nd period - Kevin Hayes is hit by Tyler Bozak and loses puck.
8:49 of 2nd period - Wrist shot by Joe Colborne.
8:49 of 2nd period - Shot Misses the Net.
8:51 of 2nd period - Slapshot by Jared Spurgeon.
8:51 of 2nd period - Shot Misses the Net.
8:53 of 2nd period - Slapshot by Tyler Myers.
8:53 of 2nd period - Stopped by Ryan Miller without a rebound.
8:54 of 2nd period - Anze Kopitar wins face-off versus Derek Stepan in Devils zone.
9:06 of 2nd period - Minor Penalty to Erik Haula for Hooking.
9:07 of 2nd period - Corey Perry wins face-off versus Viktor Arvidsson in Jets zone.
9:21 of 2nd period - Snap shot by Artemi Panarin.
9:21 of 2nd period - Shot Blocked by Eric Gelinas.
9:23 of 2nd period - Slapshot by Artemi Panarin.
9:23 of 2nd period - Shot Misses the Net.
9:52 of 2nd period - Anze Kopitar is hit by Jacob Trouba and loses puck.
10:49 of 2nd period - Benoit Pouliot is hit by Artemi Panarin and loses puck.
11:06 of 2nd period - Penalty to Erik Haula is over, Erik Haula is back on ice.
11:26 of 2nd period - Wrist shot by Matt Cooke.
11:26 of 2nd period - Shot Misses the Net.
12:25 of 2nd period - Backhand shot by Derek Roy.
12:25 of 2nd period - Stopped by Ryan Miller without a rebound.
12:26 of 2nd period - Brayden Schenn wins face-off versus Derek Roy in Devils zone.
12:47 of 2nd period - Slapshot by Anton Volchenkov.
12:47 of 2nd period - Shot Blocked by Jared Spurgeon.
12:49 of 2nd period - Snap shot by Dmitry Kulikov.
12:49 of 2nd period - Shot Blocked by Matt Cooke.
13:09 of 2nd period - Wrist shot by Benoit Pouliot.
13:09 of 2nd period - Shot Misses the Net.
13:15 of 2nd period - Benoit Pouliot is hit by Anze Kopitar and loses puck.
13:35 of 2nd period - Minor Penalty to Derek Stepan for Holding Stick.
13:36 of 2nd period - Anze Kopitar wins face-off versus Erik Haula in Jets zone.
13:44 of 2nd period - Snap shot by Viktor Arvidsson.
13:44 of 2nd period - Stopped by Kari Lehtonen with a rebound.
14:02 of 2nd period - Marco Scandella is hit by Jaden Schwartz and loses puck.
15:35 of 2nd period - Penalty to Derek Stepan is over, Derek Stepan is back on ice.
15:53 of 2nd period - Backhand shot by Derek Stepan.
15:53 of 2nd period - Stopped by Ryan Miller without a rebound.
15:54 of 2nd period - Derek Roy wins face-off versus Tyler Bozak in Devils zone.
16:07 of 2nd period - Slapshot by Lee Stempniak.
16:07 of 2nd period - Shot Blocked by Travis Hamonic.
16:15 of 2nd period - Minor Penalty to Alexander Perezhogin for Delaying the game.
16:16 of 2nd period - Derek Stepan wins face-off versus Brayden Schenn in Devils zone.
16:19 of 2nd period - Snap shot by Corey Perry.
16:19 of 2nd period - Goal by Corey Perry - Jets : 4 - Devils : 3.
16:20 of 2nd period - Anze Kopitar wins face-off versus Mike Richards in neutral zone.
16:33 of 2nd period - Jordan Eberle is hit by Marco Scandella and loses puck.
16:46 of 2nd period - Luke Schenn is hit by Corey Perry and loses puck.
17:05 of 2nd period - Kellan Lain is hit by Derek Roy and loses puck.
17:12 of 2nd period - Lee Stempniak is hit by Kevin Shattenkirk and loses puck.
17:28 of 2nd period - Tyler Myers is hit by Brandon Bollig and loses puck.
18:05 of 2nd period - Corey Perry is hit by Viktor Arvidsson and loses puck.
18:22 of 2nd period - Artemi Panarin is hit by Derek Stepan and loses puck.
18:28 of 2nd period - Brayden Schenn is hit by Derek Stepan and loses puck.
18:38 of 2nd period - Slapshot by Dmitry Kulikov.
18:38 of 2nd period - Shot Misses the Net.
18:40 of 2nd period - Slapshot by Anton Volchenkov.
18:40 of 2nd period - Shot Blocked by Eric Gelinas.
18:48 of 2nd period - Corey Perry is hit by Viktor Arvidsson and loses puck.
19:05 of 2nd period - Slapshot by Brayden Schenn.
19:05 of 2nd period - Shot Blocked by Eric Gelinas.
19:09 of 2nd period - Snap shot by Viktor Arvidsson.
19:09 of 2nd period - Shot Blocked by Jacob Trouba.
19:11 of 2nd period - Slapshot by Anton Volchenkov.
19:11 of 2nd period - Deflect By Artemi Panarin.
19:11 of 2nd period - Shot Misses the Net.
19:11 of 2nd period - Puck is out of play.
19:12 of 2nd period - Mike Richards wins face-off versus Anze Kopitar in Jets zone.
19:12 of 2nd period - Mike Richards is hit by Anze Kopitar.
19:45 of 2nd period - Snap shot by Kellan Lain.
19:45 of 2nd period - Shot Blocked by Jared Spurgeon.
19:47 of 2nd period - Slapshot by Anthony Stewart.
19:47 of 2nd period - Shot Blocked by Lee Stempniak.
19:49 of 2nd period - Snap shot by Kellan Lain.
19:49 of 2nd period - Shot Misses the Net.
Goals for this period are 4 for Jets vs 1 for Devils.
Shots for this period are 13 for Jets vs 4 for Devils.

3rd period


0:01 of 3rd period - Anze Kopitar wins face-off versus Mike Richards in neutral zone.
0:26 of 3rd period - Brayden Schenn is hit by Corey Perry and loses puck.
0:33 of 3rd period - Slapshot by Tyler Cuma.
0:33 of 3rd period - Stopped by Kari Lehtonen without a rebound.
0:34 of 3rd period - Derek Stepan wins face-off versus Anze Kopitar in Jets zone.
0:46 of 3rd period - Kevin Shattenkirk is hit by Derek Stepan and loses puck.
1:52 of 3rd period - Snap shot by Joe Colborne.
1:52 of 3rd period - Shot Blocked by Brandon Bollig.
2:04 of 3rd period - Anton Volchenkov is hit by Marco Scandella and loses puck.
2:06 of 3rd period - Minor Penalty to Dmitry Kulikov for Holding Stick.
2:07 of 3rd period - Brayden Schenn wins face-off versus Derek Stepan in Devils zone.
2:23 of 3rd period - Slapshot by Oscar Klefbom.
2:23 of 3rd period - Shot Hit the Post.
2:41 of 3rd period - Slapshot by Mike Richards.
2:41 of 3rd period - Shot Blocked by Anton Volchenkov.
2:43 of 3rd period - Snap shot by Derek Roy.
2:43 of 3rd period - Stopped by Ryan Miller with a rebound.
2:56 of 3rd period - Icing by Benoit Pouliot.
2:57 of 3rd period - Brayden Schenn wins face-off versus Derek Stepan in Jets zone.
4:06 of 3rd period - Penalty to Dmitry Kulikov is over, Dmitry Kulikov is back on ice.
4:41 of 3rd period - Anton Volchenkov is hit by Corey Perry and loses puck.
5:31 of 3rd period - Erik Haula is hit by Tyler Cuma and loses puck.
6:02 of 3rd period - Icing by Kevin Shattenkirk.
6:03 of 3rd period - Mike Richards wins face-off versus Anze Kopitar in Devils zone.
6:08 of 3rd period - Snap shot by Benoit Pouliot.
6:08 of 3rd period - Stopped by Ryan Miller without a rebound.
6:09 of 3rd period - Anze Kopitar wins face-off versus Derek Stepan in Devils zone.
6:20 of 3rd period - Slapshot by Jordan Eberle.
6:20 of 3rd period - Deflect By Anze Kopitar.
6:20 of 3rd period - Shot Blocked by Jacob Trouba.
6:20 of 3rd period - Puck is out of play.
6:21 of 3rd period - Anze Kopitar wins face-off versus Mike Richards in Jets zone.
6:24 of 3rd period - Snap shot by Jordan Eberle.
6:24 of 3rd period - Stopped by Kari Lehtonen with a rebound.
6:26 of 3rd period - Slapshot by Jaden Schwartz.
6:26 of 3rd period - Stopped by Kari Lehtonen with a rebound.
6:28 of 3rd period - Backhand shot by Travis Hamonic.
6:28 of 3rd period - Stopped by Kari Lehtonen with a rebound.
7:06 of 3rd period - Kevin Shattenkirk is hit by Marco Scandella and loses puck.
7:21 of 3rd period - Backhand shot by Mike Richards.
7:21 of 3rd period - Stopped by Ryan Miller with a rebound.
7:23 of 3rd period - Snap shot by Mike Richards.
7:23 of 3rd period - Stopped by Ryan Miller with a rebound.
7:25 of 3rd period - Slapshot by Mike Richards.
7:25 of 3rd period - Stopped by Ryan Miller with a rebound.
7:27 of 3rd period - Snap shot by Mike Richards.
7:27 of 3rd period - Stopped by Ryan Miller with a rebound.
7:29 of 3rd period - Wrist shot by Mike Richards.
7:29 of 3rd period - Stopped by Ryan Miller with a rebound.
7:31 of 3rd period - Snap shot by Marco Scandella.
7:31 of 3rd period - Deflect By Kevin Shattenkirk.
7:31 of 3rd period - Stopped by Ryan Miller with a rebound.
7:49 of 3rd period - Snap shot by Mike Richards.
7:49 of 3rd period - Stopped by Ryan Miller without a rebound.
7:50 of 3rd period - Anze Kopitar wins face-off versus Derek Stepan in Devils zone.
8:08 of 3rd period - Tyler Cuma is hit by Jacob Trouba and loses puck.
8:41 of 3rd period - Wrist shot by Joe Colborne.
8:41 of 3rd period - Shot Misses the Net.
8:43 of 3rd period - Slapshot by Jared Spurgeon.
8:43 of 3rd period - Shot Blocked by Tyler Cuma.
8:45 of 3rd period - Slapshot by Oscar Klefbom.
8:45 of 3rd period - Stopped by Ryan Miller without a rebound.
8:46 of 3rd period - Joe Colborne wins face-off versus Tyler Bozak in Devils zone.
8:51 of 3rd period - Wrist shot by Joe Colborne.
8:51 of 3rd period - Shot Misses the Net.
8:59 of 3rd period - Wrist shot by Joe Colborne.
8:59 of 3rd period - Stopped by Ryan Miller with a rebound.
9:01 of 3rd period - Slapshot by Oscar Klefbom.
9:01 of 3rd period - Shot Misses the Net.
10:30 of 3rd period - Snap shot by Jaden Schwartz.
10:30 of 3rd period - Deflect By Brandon Bollig.
10:30 of 3rd period - Stopped by Kari Lehtonen with a rebound.
10:36 of 3rd period - Tyler Cuma is hit by Mike Richards and loses puck.
10:47 of 3rd period - Derek Roy is hit by Luke Schenn.
10:48 of 3rd period - Icing by Derek Roy.
10:49 of 3rd period - Derek Roy wins face-off versus Brayden Schenn in Jets zone.
11:15 of 3rd period - Jordan Eberle is hit by Marco Scandella and loses puck.
11:20 of 3rd period - Snap shot by Corey Perry.
11:20 of 3rd period - Shot Misses the Net.
11:22 of 3rd period - Snap shot by Erik Haula.
11:22 of 3rd period - Stopped by Ryan Miller with a rebound.
11:24 of 3rd period - Snap shot by Erik Haula.
11:24 of 3rd period - Shot Misses the Net.
11:26 of 3rd period - Slapshot by Erik Haula.
11:26 of 3rd period - Goal by Erik Haula - Jets : 5 - Devils : 3.
11:27 of 3rd period - Derek Stepan wins face-off versus Anze Kopitar in neutral zone.
11:40 of 3rd period - Snap shot by Corey Perry.
11:40 of 3rd period - Shot Hit the Post.
11:42 of 3rd period - Wrist shot by Erik Haula.
11:42 of 3rd period - Stopped by Ryan Miller with a rebound.
11:44 of 3rd period - Snap shot by Derek Stepan.
11:44 of 3rd period - Deflect By Corey Perry.
11:44 of 3rd period - Shot Blocked by Jaden Schwartz.
11:44 of 3rd period - Puck is out of play.
11:45 of 3rd period - Mike Richards wins face-off versus Brayden Schenn in Devils zone.
11:53 of 3rd period - Minor Penalty to Tyler Cuma for Tripping.
11:54 of 3rd period - Derek Stepan wins face-off versus Brayden Schenn in Devils zone.
12:28 of 3rd period - Snap shot by Derek Roy.
12:28 of 3rd period - Stopped by Ryan Miller without a rebound.
12:29 of 3rd period - Corey Perry wins face-off versus Kellan Lain in Devils zone.
13:53 of 3rd period - Penalty to Tyler Cuma is over, Tyler Cuma is back on ice.
14:10 of 3rd period - Wrist shot by Tyler Bozak.
14:10 of 3rd period - Shot Misses the Net.
14:49 of 3rd period - Off-side.
14:50 of 3rd period - Mike Richards wins face-off versus Tyler Bozak in neutral zone.
14:55 of 3rd period - Nino Niederreiter is hit by Kevin Shattenkirk and loses puck.
15:04 of 3rd period - Snap shot by Brandon Bollig.
15:04 of 3rd period - Stopped by Kari Lehtonen with a rebound.
15:16 of 3rd period - Lee Stempniak is hit by Scott Gomez and loses puck.
15:27 of 3rd period - Snap shot by Kellan Lain.
15:27 of 3rd period - Shot Blocked by Matt Cooke.
15:49 of 3rd period - Snap shot by Derek Stepan.
15:49 of 3rd period - Goal by Derek Stepan - Jets : 6 - Devils : 3.
15:50 of 3rd period - Anze Kopitar wins face-off versus Derek Stepan in neutral zone.
16:01 of 3rd period - Slapshot by Derek Stepan.
16:01 of 3rd period - Stopped by Ryan Miller without a rebound.
16:02 of 3rd period - Erik Haula wins face-off versus Anze Kopitar in Devils zone.
16:11 of 3rd period - Slapshot by Tyler Cuma.
16:11 of 3rd period - Shot Misses the Net.
16:55 of 3rd period - Minor Penalty to Jacob Trouba for Boarding.
16:56 of 3rd period - Anze Kopitar wins face-off versus Erik Haula in Jets zone.
16:56 of 3rd period - Wrist shot by Viktor Arvidsson.
16:56 of 3rd period - Shot Misses the Net.
16:58 of 3rd period - Wrist shot by Anze Kopitar.
16:58 of 3rd period - Goal by Anze Kopitar - Jets : 6 - Devils : 4.
16:59 of 3rd period - Scott Gomez wins face-off versus Derek Roy in neutral zone.
17:21 of 3rd period - Icing by Travis Hamonic.
17:22 of 3rd period - Anze Kopitar wins face-off versus Derek Stepan in Devils zone.
17:48 of 3rd period - Travis Hamonic is hit by Lee Stempniak and loses puck.
18:59 of 3rd period - Tyler Myers is hit by Brayden Schenn and loses puck.
Goals for this period are 2 for Jets vs 1 for Devils.
Shots for this period are 17 for Jets vs 7 for Devils.